 Dungeon Crawl Stone Soup version 0.27.1-4-g1640c2035a (webtiles) character file.

Game seed: 6530158059935441810

217 MisterFreud the Skirmisher (level 5, -9/70 HPs)
             Began as a Gnoll Wanderer on Nov 6, 2021.
             Was a Follower of the Shining One.
             Mangled by an ogre (11 damage)
             ... on level 4 of the Dungeon.
             The game lasted 00:04:04 (4081 turns).

MisterFreud the Skirmisher (Gnoll Wanderer)         Turns: 4081, Time: 00:04:05

Health: -9/70      AC: 22    Str: 10    XL:     5   Next: 94%
Magic:  7/7        EV:  2    Int: 10    God:    the Shining One [*.....]
Gold:   112        SH:  4    Dex: 15    Spells: 7/7 levels left

rFire    . . .     SeeInvis .   B - +0 scimitar
rCold    . . .     Faith    +   s - +0 buckler
rNeg     + + +     Spirit   .   (armour currently unavailable)
rPois    +         Reflect  .   (helmet currently unavailable)
rElec    .         Harm     .   (cloak currently unavailable)
rCorr    .         Rampage  .   (gloves currently unavailable)
Will     +....     NoTele   +   (boots currently unavailable)
Stlth    +.........             y - amulet of faith
HPRegen  0.21/turn              t - ring of willpower
MPRegen  0.10/turn              (no ring)

@: tree-form, glowing
A: stationary, stasis, torment immunity, boosted hp, (fangs 1), strong nose,
distributed training
a: Renounce Religion


You were on level 4 of the Dungeon.
You worshipped the Shining One.
The Shining One was aware of your devotion.
You were a tree.
You visited 1 branch of the dungeon, and saw 4 of its levels.

You collected 112 gold pieces.

Inventory:

Hand Weapons
 a - a +0 short sword
 d - a +0 falchion
 B - a +0 scimitar (weapon)
Missiles
 b - 3 throwing nets (quivered)
 p - 14 poisoned darts
 A - 7 boomerangs
Armour
 c - a +0 leather armour
 o - a +0 ring mail (melded)
 s - a +0 buckler (worn)
 u - a scarf of repulsion (melded)
 w - a +0 chain mail
Jewellery
 r - a ring of ice
 t - a ring of willpower (left branch)
 y - an amulet of faith (around neck)
Scrolls
 e - a scroll of noise {unknown}
 f - a scroll of enchant weapon {unknown}
 h - 6 scrolls of teleportation {unknown}
 k - 2 scrolls of enchant armour {unknown}
 l - a scroll of immolation {unknown}
 q - a scroll of brand weapon {unknown}
 x - a scroll of silence {unknown}
Potions
 g - a potion of haste {unknown}
 i - 2 potions of curing
 j - a potion of lignification
 m - a potion of heal wounds {unknown}
 n - a potion of might {unknown}
 v - 2 potions of magic {unknown}
 z - a potion of resistance {unknown}


   Skills:
 + Level 6.7 Fighting
 + Level 1.7 Short Blades
 + Level 4.9 Long Blades
 + Level 1.7 Axes
 + Level 1.7 Maces & Flails
 + Level 1.7 Polearms
 + Level 3.1 Staves
 + Level 1.7 Slings
 + Level 1.7 Bows
 + Level 1.7 Crossbows
 + Level 4.9 Throwing
 + Level 1.7 Armour
 + Level 4.9 Dodging
 + Level 1.7 Stealth
 + Level 1.7 Shields
 + Level 1.7 Unarmed Combat
 + Level 1.7 Spellcasting
 + Level 1.3 Conjurations
 + Level 1.3 Hexes
 + Level 1.3 Summonings
 + Level 1.3 Necromancy
 + Level 1.3 Translocations
 + Level 1.3 Transmutations
 + Level 1.3 Fire Magic
 + Level 1.3 Ice Magic
 + Level 1.3 Air Magic
 + Level 1.3 Earth Magic
 + Level 1.3 Poison Magic
 + Level 1.9 Invocations
 + Level 1.7 Evocations


You had 7 spell levels left.
You didn't know any spells.
Your spell library contained the following spells:

 Spells                   Type           Power      Damage    Failure   Level
 Freeze                   Ice            12%        1d4       24%         1
 Frozen Ramparts          Ice            6%         1d2       58%         3
 Gell's Gravitas          Tloc           1%         N/A       58%         3
 Teleport Other           Tloc           3%         N/A       58%         3
 Hailstorm                Conj/Ice       3%         3d3       94%         4
 Dispersal                Tloc           1%         N/A       100%        6


Dungeon Overview and Level Annotations

Branches:
Dungeon (4/15)             Temple (0/1) D:4

Altars:
The Shining One


Innate Abilities, Weirdness & Mutations

You are a tree.
Your roots penetrate the ground, keeping you stationary.
You cannot be teleported.
You are immune to unholy pain and torment.
Your maximum health is greatly increased.
Your equipment is partially melded.
((You have very sharp teeth.))
Your uncanny sense of smell can sniff out nearby items.
Your experience applies equally to all skills.


Message History

You kill the quokka!
You see here a quokka corpse.
An ogre is nearby!
An ogre is nearby!
An ogre is nearby!
The endoplasm quivers.
The ogre hits you with a +0 giant spiked club!
You hit the ogre.
The ogre is lightly wounded.
The ogre barely misses you.
You riposte.
You hit the ogre but do no damage.
The ogre is lightly wounded.
You hit the ogre.
The ogre is moderately wounded.
You block the ogre's attack.
You completely miss the ogre.
The ogre is moderately wounded.
The ogre hits you with a +0 giant spiked club!
You are too injured to fight recklessly!
You are too injured to fight recklessly!
Unknown command.
It was a potion of curing.
You feel better.
The ogre hits you with a +0 giant spiked club!!
* * * LOW HITPOINT WARNING * * *
It was a potion of lignification.
You turn into a tree.
Your scarf of repulsion melds into your body.
Your +0 ring mail melds into your body.
The haze of the repulsion field disappears.
Your roots penetrate the ground.
The ogre completely misses you.
You hit the ogre.
The ogre is heavily wounded.
The endoplasm hits you but does no damage.
The ogre hits you but does no damage.
You hit the ogre.
The ogre is heavily wounded.
The endoplasm hits you but does no damage.
You hit the ogre.
The ogre is severely wounded.
The endoplasm hits you but does no damage.
The ogre hits you with a +0 giant spiked club!
You die...

. #....# #...#
..####....# #...#
.....#....# #...######.
#.....8>8.# #..O<......
#..#(...#####...###....
##..................###
...........#.......####
..#.###O.#.........#
##...#.♣J.....#....#
...........##......#
.....##..#.##........
##.#. #....##)###.....
# #. #.....#.# ..#..
#.#.##.....#.# #....
#....#.....#.#
#..........## ∆
###..#..#...#


You could see an ogre and an endoplasm.

Vanquished Creatures
  A bullfrog skeleton (D:4)
  2 orc wizards (D:3)
  5 adders
  An adder skeleton (D:4)
  4 dart slugs
  3 orcs
  5 endoplasms
  3 giant cockroaches
  8 goblins
  5 hobgoblins
  5 jackals
  4 quokkas
  9 ball pythons
  4 bats
  9 frilled lizards
  8 kobolds
  4 rats
80 creatures vanquished.

Notes
Turn   | Place    | Note
-------+----------+-------------------------------------------
     0 | D:1      | MisterFreud the Gnoll Wanderer began the quest for the Orb.
     0 | D:1      | MisterFreud set off with the following items: a +0 short
                  | sword, 3 throwing nets, a +0 leather armour, a +0 falchion
     0 | D:1      | Reached XP level 1. HP: 23/23 MP: 1/1
   229 | D:1      | Reached XP level 2. HP: 25/29 MP: 2/2
   953 | D:1      | Reached XP level 3. HP: 31/35 MP: 3/3
  1457 | D:1      | Reached skill level 1 in Invocations
  1889 | D:2      | Reached skill level 1 in Short Blades
  1889 | D:2      | Reached skill level 1 in Axes
  1889 | D:2      | Reached skill level 1 in Maces & Flails
  1889 | D:2      | Reached skill level 1 in Polearms
  1889 | D:2      | Reached skill level 1 in Slings
  1889 | D:2      | Reached skill level 1 in Bows
  1889 | D:2      | Reached skill level 1 in Crossbows
  1889 | D:2      | Reached skill level 1 in Armour
  1889 | D:2      | Reached skill level 1 in Stealth
  1889 | D:2      | Reached skill level 1 in Shields
  1889 | D:2      | Reached skill level 1 in Unarmed Combat
  1889 | D:2      | Reached skill level 1 in Spellcasting
  1889 | D:2      | Reached skill level 1 in Evocations
  1889 | D:2      | Reached XP level 4. HP: 37/41 MP: 5/5
  2873 | D:3      | Found a faded altar of an unknown god.
  2907 | D:3      | Became a worshipper of the Shining One
  2907 | D:3      | Reached * piety under the Shining One
  2977 | D:3      | Reached skill level 1 in Conjurations
  2977 | D:3      | Reached skill level 1 in Hexes
  2977 | D:3      | Reached skill level 1 in Summonings
  2977 | D:3      | Reached skill level 1 in Necromancy
  2977 | D:3      | Reached skill level 1 in Translocations
  2977 | D:3      | Reached skill level 1 in Transmutations
  2977 | D:3      | Reached skill level 1 in Fire Magic
  2977 | D:3      | Reached skill level 1 in Ice Magic
  2977 | D:3      | Reached skill level 1 in Air Magic
  2977 | D:3      | Reached skill level 1 in Earth Magic
  2977 | D:3      | Reached skill level 1 in Poison Magic
  3104 | D:3      | Reached XP level 5. HP: 33/47 MP: 5/7
  3773 | D:4      | Found a staircase to the Ecumenical Temple.
  3964 | D:4      | Noticed an ogre
  4077 | D:4      | HP: 1/47 [ogre (23)]
  4081 | D:4      | Mangled by an ogre

Illustrated notes

Levels and vault maps discovered:
D:1:      dpeg_arrival_rooms_with_view, layout_basic
D:2:      layout_basic
D:3:      layout_loops_cross, shapermc_ecumenical_altar_pompeii, minmay_ruptured
D:4:      layout_rooms, temple_statues

Skill      XL: |  1  2  3  4  5 |
---------------+----------------+-----
Invocations    | 1 |  1.9
Short Blades   | 1 |  1.7
Axes           | 1 |  1.7
Maces & Flails | 1 |  1.7
Polearms       | 1 |  1.7
Slings         | 1 |  1.7
Bows           | 1 |  1.7
Crossbows      | 1 |  1.7
Armour         | 1 |  1.7
Stealth        | 1 |  1.7
Shields        | 1 |  1.7
Unarmed Combat | 1 |  1.7
Spellcasting   | 1 |  1.7
Evocations     | 1 |  1.7
Conjurations   | 1 |  1.3
Hexes          | 1 |  1.3
Summonings     | 1 |  1.3
Necromancy     | 1 |  1.3
Translocations | 1 |  1.3
Transmutations | 1 |  1.3
Fire Magic     | 1 |  1.3
Ice Magic      | 1 |  1.3
Air Magic      | 1 |  1.3
Earth Magic    | 1 |  1.3
Poison Magic   | 1 |  1.3
Staves         | 3 |  3.1
Fighting       | |  6.7
Long Blades    | |  4.9
Throwing       | |  4.9
Dodging        | |  4.9

Action                   |  1- 3 |  4- 6 || total
-------------------------+-------+-------++-------
Melee: Short sword       |   160 |   175 ||   335
       Bite              |    18 |    20 ||    38
       Scimitar          |       |    14 ||    14
  Use: Potion            |       |     2 ||     2
 Stab: Sleeping          |     2 |       ||     2
Armor: Leather armour    |    35 |       ||    35
       Ring mail         |    12 |    63 ||    75
       Skin              |       |     4 ||     4
Dodge: Dodged            |   120 |    98 ||   218
       Repelled          |       |     2 ||     2
Block: Buckler           |       |    33 ||    33
       Rpst.: Scimitar   |       |     2 ||     2
